 Dungeon Crawl Stone Soup version 0.32-a0-711-g016ad743e0 (webtiles) character file.

Game seed: 18202628796258881750

8378 kae the Carver (level 11, 0/135 HPs)
             Began as a Coglin Gladiator on Mar 15, 2024.
             Was a Priest of Okawaru.
             Slain by an 11-headed hydra (2 damage)
             ... on level 8 of the Dungeon.
             The game lasted 00:07:19 (9256 turns).

kae the Carver (Coglin Gladiator)                   Turns: 9256, Time: 00:07:20

Health: 0/135      AC:  7    Str: 15    XL:     11   Next: 29%
Magic:  11/11      EV: 11    Int:  8    God:    Okawaru [***...]
Gold:   151        SH:  0    Dex: 19    Spells: 10/10 levels left

rFire   . . .        a - +0 long sword (elec) {Hana}
rCold   . . .        g - +0 scimitar (freeze) {Eunkyung}
rNeg    . . .        b - +0 leather armour
rPois   .            c - +0 helmet
rElec   .            j - +2 cloak
rCorr   .            (no gloves)
SInv    .            (no boots)
Will    .....        (amulet unavailable) Stlth
                     (ring unavailable)
HPRegen 0.42/turn    (ring unavailable)
MPRegen 0.12/turn    (no gizmo)

%: no passive effects
@: berserking, revving, very quick
A: off-hand wielding, slow wielding, warmup strikes, no jewellery
a: Invent Gizmo, Renounce Religion, Heroism


You were on level 8 of the Dungeon.
You worshipped Okawaru.
Okawaru was most pleased with you.
You visited 2 branches of the dungeon, and saw 9 of its levels.

You collected 492 gold pieces.
You spent 341 gold pieces at shops.


Innate Abilities, Weirdness & Mutations

You can wield a second weapon in your off-hand.
It takes a long time for you to wield or remove held weapons.
Your first few attacks do less damage.
You cannot equip rings or amulets.


   Skills:
 - Level 10.0 Fighting
 - Level 14.0 Long Blades
 - Level 1.7 Throwing
 + Level 3.0 Armour
 - Level 2.6 Dodging


You had 10 spell levels left.
You didn't know any spells.
Your spell library contained the following spells:

 Spells                   Type           Power      Damage    Failure   Level
 Apportation              Tloc           0%         N/A       47%         1
 Jinxbite                 Hex            0%         N/A       63%         2
 Inner Flame              Hex/Fire       0%         N/A       85%         3
 Stone Arrow              Conj/Erth      0%         3d7       85%         3
 Flame Wave               Conj/Fire      0%         2d4       99%         4
 Manifold Assault         Tloc           0%         N/A       99%         4
 Sticky Flame             Fire/Alch      0%         2d4       99%         4
 Alistair's Intoxication  Alch           0%         N/A       100%        5
 Dispersal                Tloc           0%         N/A       100%        6
 Disjunction              Tloc           0%         N/A       100%        8
 Lehudib's Crystal Spear  Conj/Erth      0%         10d2      100%        8
 Animate Armour           Summ/Erth      Unusable   N/A       N/A         4

Inventory:

Hand Weapons
 a - a +0 long sword of electrocution (weapon) {Hana}
 f - a +0 dagger {Xochitl}
 g - a +0 scimitar of freezing (offhand) {Eunkyung}
   (You took it off an orc warrior on level 7 of the Dungeon)
 n - a +0 long sword {Ming}
   (You bought it in a shop on level 2 of the Dungeon)
Missiles
 d - 3 throwing nets (quivered) {=f!f}
 e - 4 javelins
 i - 97 stones
 r - 25 poisoned darts
 B - 8 boomerangs
 H - a curare-tipped dart {=f}
Armour
 b - a +0 leather armour (worn)
 c - a +0 helmet (worn)
 j - a +2 cloak (worn)
   (You found it on level 1 of the Dungeon)
Jewellery
 C - a ring of protection from cold
   (You found it on level 5 of the Dungeon)
 D - a ring of willpower
   (You found it on level 5 of the Dungeon)
 N - a ring of positive energy
   (You found it on level 1 of the Dungeon)
Wands
 l - a wand of digging (7)
   (You found it on level 2 of the Dungeon)
 v - a wand of mindburst (17)
   (You found it on level 7 of the Dungeon)
 y - a wand of flame (35)
   (You found it on level 4 of the Dungeon)
 F - a wand of charming (13)
   (You found it on level 5 of the Dungeon)
Scrolls
 p - a scroll of revelation
 q - a scroll of teleportation {@r4}
Potions
 h - a potion of attraction {unknown}
 k - 3 potions of heal wounds {@q2}
 o - 2 potions of resistance
 s - 3 potions of brilliance {unknown}
 u - 2 potions of haste {@q3}
 w - 2 potions of curing {@q1}
 x - a potion of cancellation {unknown}
 z - a potion of enlightenment {unknown}
 A - a potion of might
 E - a potion of berserk rage {!q}
 G - a potion of lignification {!q}

Dungeon Overview and Level Annotations

Branches:
Dungeon (8/15) Zot: 24906  Temple (1/1) D:5 Zot: 5993    Lair (0/5) D:8

Altars:
Ashenzari
Cheibriados
Dithmenos
Elyvilon
Gozag
Hepliaklqana
Makhleb
Nemelex Xobeh
Okawaru
Qazlal
Ru
Sif Muna
Trog
Uskayaw
Vehumet
Wu Jian
Xom
Yredelemnul
Zin
The Shining One

Shops:
D:2 *   D:5 *!   D:6 !

Annotations:
D:8 Stormracerdan's ghost, novice DsBe

...<...# #.#####......## .##.#.##
#.#.....>.....# ......##
#.#.##........# ###....#
#.#.##.####.#.#### ##....#
#.#.##............ #.....######
#.......###.#.###. ####..##....#
#>#......##.#.#... §§§#.##.....##
#.######.##.#..... §§§#.#.......#
#@##♣..##...#..ß.. §§§#.##.....##
#D#.).$♣#####.....
§§§##.##...#####W'......#.......#
####..####.#.##..'..)..~#.......#
......##.........'.....♣#.#.....#
####..##....###..#....~##.......#
§§§#...........#.##♣.♣####......#
§§§########.##.##.# ###.##......÷
§§§ ####.##.###.#.####.†ß..


You could see a 11-headed hydra and Stormracerdan's ghost.


Message History

You hit the howler monkey with your +0 scimitar.
The howler monkey hits you. The howler monkey hits you! 😕 HP[-11]
You take 11 damage, and now have 75/90 hp.
You slash the howler monkey with your +0 scimitar!
You kill the howler monkey!
Okawaru accepts your kill. The howler monkey hits you.
Your Armour skill increases to level 3!
You closely miss the howler monkey with your +0 long sword of electrocution.
You hit the howler monkey but do no damage. 😕 HP[-2]
You take 2 damage, and now have 73/90 hp.
You slash the howler monkey with your +0 long sword of electrocution!
You hit the howler monkey with your +0 scimitar.
You kill the howler monkey!
Okawaru accepts your kill. The orc hits you but does no damage.
You hit the orc with your +0 scimitar.
You hit the orc with your +0 long sword of electrocution.
You kill the orc!
Okawaru accepts your kill.
You see here a howler monkey corpse.
No target in view!
No target in view!
No target in view!
No target in view!
Found a stone staircase leading up. 😎 HP[+17]
Your hp is fully restored (90).
You see here a +2 falchion of pain.
Found a stone staircase leading up.
There is a stone staircase leading up here.
There is a stone staircase leading up here.
There is an escape hatch in the ceiling here.
Key pressed, stopping explore.
There is a stone staircase leading down here.
You see here a +0 long sword.
Key pressed, stopping explore.
There is an escape hatch in the floor here.
Stormracerdan's ghost turns its malevolent gaze towards you.
Could not explore, unopened runed door.
Could not explore, unopened runed door.
Could not explore, unopened runed door.
Okay, then.
Press: ? - help, v - describe, . - travel, g - get item Item here: a crude long sword.
The floor.
As you read the scroll of brand weapon, it crumbles to dust.
Your +0 scimitar {Eunkyung} is covered with a thin layer of ice!
g - a +0 scimitar of freezing (offhand) {Eunkyung} Stormracerdan's ghost screams in joy, "As in life, so in death: Kill!
Kill!!
Kill!!!"
Okay, then.
As you read the scroll labelled WAVVIT AS VIERUU, it crumbles to dust.
It is a scroll of enchant armour.
Your +0 cloak glows green for a moment.
As you read the scroll of enchant armour, it crumbles to dust.
Your +1 cloak glows green for a while.
Okay, then.
You can't wear jewellery.
Unknown command.
Okay, then.
Okay, then.
You open the gate.
The nine-headed hydra attacks as it pursues you!
The nine-headed hydra bites you! x2; The nine-headed hydra misses you.
The nine-headed hydra closely misses you.
The nine-headed hydra barely misses you.
The nine-headed hydra bites you but does no damage. x2
The nine-headed hydra bites you.
The nine-headed hydra bites you! 😮 HP[-43]
You take 43 damage, and now have 47/90 hp.
MASSIVE DAMAGE!! (PAUSE)
A red film seems to cover your vision as you go berserk!
You feel yourself moving faster!
You feel mighty! The nine-headed hydra bites you!
* * * LOW HITPOINT WARNING * * *
The nine-headed hydra bites you!
* * * LOW HITPOINT WARNING * * *
The nine-headed hydra barely misses you. x2
The nine-headed hydra bites you but does no damage.
The nine-headed hydra bites you!
* * * LOW HITPOINT WARNING * * *
The nine-headed hydra bites you!
* * * LOW HITPOINT WARNING * * *
The nine-headed hydra closely misses you.
The nine-headed hydra bites you!
* * * LOW HITPOINT WARNING * * *
😱 HP[-31]
You now have 135 max hp (+45).
You lop one of the nine-headed hydra's heads off!
The eight-headed hydra grows two more!
You slice the ten-headed hydra with your +0 long sword of electrocution!!
You slice one of the ten-headed hydra's heads off!
The nine-headed hydra grows two more!
You slash the 11-headed hydra with your +0 scimitar of freezing!
You freeze the 11-headed hydra! The 11-headed hydra bites you!
* * * LOW HITPOINT WARNING * * *
The 11-headed hydra bites you.
You die...

Skill      XL: |  1  2  3  4  5  6  7  8  9 10 11 |
---------------+----------------------------------+-----
Long Blades    | 4 6 7 9 11 14 | 14.0
Fighting       | 9 10 | 10.0
Armour         | 3 |  3.0
Throwing       | |  1.7
Dodging        | |  2.6

Action                     |  1- 3 |  4- 6 |  7- 9 | 10-12 || total
---------------------------+-------+-------+-------+-------++-------
  Melee: Long sword        |    81 |    83 |   342 |   131 ||   637
         Dagger            |    74 |     9 |       |       ||    83
         Scimitar          |       |       |    64 |   127 ||   191
    Use: Potion            |       |     2 |     4 |     3 ||     9
         Scroll            |       |       |     9 |     3 ||    12
   Stab: Sleeping          |     2 |     2 |       |       ||     4
 Armour: Leather armour    |    39 |    44 |   125 |   111 ||   319
  Dodge: Dodged            |    55 |    27 |   105 |    88 ||   275

Levels and vault maps discovered:
D:1:      eino_arrival_water_star, layout_basic,
          dreamdust_ecumenical_altar_drowned_temple
D:2:      layout_rooms, serial_shops, nicolae_lakefront_shop,
          corexii_item_surrounded_by_moat, minmay_distorted,
          uniq_crazy_yiuf_cottage, uniq_sigmund, uniq_terence
D:3:      layout_loops_ring, wad_floor_pattern_2
D:4:      layout_gridville, trog_ov_bears_minmay
D:5:      layout_layer_cave, minmay_temple_entry_gardened_gates, serial_shops,
          shop, shop, uniq_pikel
D:6:      layout_basic, serial_shops, shop
D:7:      minmay_thinvault, layout_gridville, zin_angel
D:8:      layout_loops_ring, nicolae_qazlal_eye_of_the_storm,
          chequers_temple_overflow_statue_of_worship, dpeg_lair_monsters,
          serial_ice, serial_ice_o, serial_ice_l, serial_ice_e, serial_ice_g,
          serial_ice_b, serial_ice_h, serial_ice_c, serial_ice_n,
          gammafunk_ghost_hydra_chop, nrook_mini_vaults, roderic_malta_cross,
          uniq_jeremiah, uniq_grum
Temple:   dpeg_chambers_temple

Notes
Turn   | Place    | Note
-------+----------+-------------------------------------------
     0 | D:1      | kae the Coglin Gladiator began the quest for the Orb.
     0 | D:1      | Reached XP level 1. HP: 16/16 MP: 1/1
     0 | D:1      | magus.rc [v1.11.3]
   178 | D:1      | Reached XP level 2. HP: 22/22 MP: 2/2
   194 | D:1      | Found a faded altar of an unknown god.
   729 | D:1      | Reached skill level 4 in Long Blades
   853 | D:2      | Reached XP level 3. HP: 27/27 MP: 3/3
  1011 | D:2      | Noticed Terence
  1015 | D:2      | Reached XP level 4. HP: 33/33 MP: 4/4
  1024 | D:2      | Killed Terence
  1025 | D:2      | Reached skill level 5 in Long Blades
  1269 | D:2      | Found Cyameasm's General Store.
  1278 | D:2      | Bought a scroll of identify for 24 gold pieces
  1278 | D:2      | Bought a +0 long sword for 42 gold pieces
  1506 | D:2      | Noticed Sigmund
  1513 | D:2      | Killed Sigmund
  1514 | D:2      | Reached skill level 6 in Long Blades
  1514 | D:2      | Reached XP level 5. HP: 25/38 MP: 5/5
  1514 | D:2      | Reached XP level 6. HP: 28/44 MP: 6/6
  1577 | D:2      | Found a runed translucent door.
  1578 | D:2      | Noticed Crazy Yiuf
  1584 | D:2      | Killed Crazy Yiuf
  2073 | D:3      | Reached skill level 7 in Long Blades
  2408 | D:4      | Noticed a black bear
  2408 | D:4      | Noticed a black bear
  2412 | D:4      | Found a bloodstained altar of Trog.
  2420 | D:4      | Killed a black bear
  2422 | D:4      | Killed a black bear
  2423 | D:4      | Reached XP level 7. HP: 31/50 MP: 7/7
  2529 | D:4      | You pick up a book of Party Tricks and begin reading...
  2529 | D:4      | You add the spells Apportation, Jinxbite and Alistair's
                  | Intoxication to your library.
  2577 | D:4      | Reached skill level 8 in Long Blades
  2799 | D:4      | You pick up a book of the Warp and begin reading...
  2799 | D:4      | You add the spells Manifold Assault, Dispersal and
                  | Disjunction to your library.
  3293 | D:4      | You pick up a book of Armaments and begin reading...
  3293 | D:4      | You add the spells Stone Arrow, Animate Armour and
                  | Lehudib's Crystal Spear to your library.
  3306 | D:5      | Entered Level 5 of the Dungeon
  3306 | D:5      | Noticed Pikel
  3306 | D:5      | Found a staircase to the Ecumenical Temple.
  3319 | D:4      | HP: 7/50 [lemure[Pikel] (8)]
  3564 | Temple   | Entered the Ecumenical Temple
  3592 | D:5      | Reached skill level 9 in Long Blades
  3777 | D:5      | Found Huhol's Distillery.
  3787 | D:5      | Bought a potion of curing for 36 gold pieces
  3787 | D:5      | Bought a potion of ambrosia for 96 gold pieces
  3979 | D:5      | Reached XP level 8. HP: 55/56 MP: 8/8
  4199 | D:5      | HP: 14/56 [Pikel/+1 whip of freezing (11)]
  4206 | D:5      | Killed Pikel
  4207 | D:5      | Reached skill level 10 in Long Blades
  4340 | D:5      | Found Bamibe's General Store.
  5046 | D:6      | Found Ymyzunka's Distillery.
  5067 | D:6      | Bought a potion of heal wounds for 55 gold pieces
  5067 | D:6      | Bought a potion of berserk rage for 55 gold pieces
  5067 | D:6      | Bought a potion of lignification for 33 gold pieces
  5154 | D:6      | Reached skill level 11 in Long Blades
  5288 | D:6      | You pick up a book of Flames and begin reading...
  5288 | D:6      | You add the spells Inner Flame, Sticky Flame and Flame Wave
                  | to your library.
  5598 | D:7      | Reached XP level 9. HP: 53/61 MP: 9/9
  5667 | D:7      | Found a glowing silver altar of Zin.
  5667 | D:7      | Noticed an angel
  5809 | D:7      | Reached skill level 12 in Long Blades
  6379 | D:7      | Noticed a hornet
  6382 | D:7      | Paralysed by a hornet for 2 turns
  6385 | D:7      | HP: 14/61 [hornet (10)]
  6387 | D:7      | HP: 2/61 [hornet (11)]
  6389 | D:7      | Paralysed by a hornet for 1 turns
  6391 | D:7      | Killed a hornet
  6392 | D:7      | Reached skill level 13 in Long Blades
  6392 | D:7      | HP: 9/61 [poisoned by a hornet]
  6901 | D:7      | Noticed a troll
  6910 | D:7      | Killed a troll
  6911 | D:7      | Reached skill level 14 in Long Blades
  6911 | D:7      | Reached XP level 10. HP: 37/67 MP: 10/10
  6916 | D:7      | HP: 16/68 [vampire mosquito (5)]
  6919 | D:7      | Reached skill level 3 in Fighting
  7149 | D:8      | Reached skill level 4 in Fighting
  7322 | D:8      | Noticed Jeremiah
  7333 | D:8      | Killed Jeremiah
  7334 | D:8      | Reached skill level 5 in Fighting
  7438 | D:8      | Reached skill level 6 in Fighting
  7672 | D:8      | Found a shimmering blue altar of Sif Muna.
  7672 | D:8      | Found an iron altar of Okawaru.
  7673 | D:8      | Found a hazy altar of Hepliaklqana.
  7691 | D:8      | Found a runed translucent gate.
  7691 | D:8      | Found a runed translucent gate.
  7718 | D:8      | Noticed Grum
  7729 | D:8      | Became a worshipper of Warmaster Okawaru
  7735 | D:8      | Killed Grum
  7745 | D:8      | Reached skill level 7 in Fighting
  8049 | D:8      | Found a staircase to the Lair.
  8050 | D:8      | Noticed a death yak
  8051 | D:8      | Noticed a death yak
  8061 | D:8      | Killed a death yak
  8061 | D:8      | Reached * piety under Okawaru
  8062 | D:8      | Reached skill level 8 in Fighting
  8066 | D:8      | Killed a death yak
  8066 | D:8      | Reached ** piety under Okawaru
  8067 | D:8      | Reached skill level 9 in Fighting
  8067 | D:8      | Reached XP level 11. HP: 38/89 MP: 11/11
  8070 | D:8      | HP: 33/133 [black bear (6)]
  8079 | D:8      | HP: 9/89 [yak (14)]
  8558 | D:8      | Found a stormy altar of Qazlal.
  8566 | D:8      | Reached skill level 10 in Fighting
  8653 | D:8      | Reached skill level 1 in Armour
  8653 | D:8      | HP: 20/90 [polar bear (4)]
  8654 | D:8      | Reached *** piety under Okawaru
  8655 | D:8      | Reached skill level 2 in Armour
  8870 | D:8      | Found a runed translucent gate.
  8873 | D:8      | Noticed Stormracerdan's ghost (novice DsBe)
  8874 | D:8      | Noticed a nine-headed hydra
  8999 | D:8      | Reached skill level 3 in Armour
  9255 | D:8      | HP: 32/135 [nine-headed hydra (14)]
  9256 | D:8      | HP: 2/135 [11-headed hydra (14)]
  9256 | D:8      | Slain by an 11-headed hydra

Vanquished Creatures
  2 death yaks (D:8)
  Pikel (D:5)
  Jeremiah (D:8)
  A troll (D:7)
  A hornet (D:7)
  3 polar bears (D:8)
  A wyvern (D:8)
  Sigmund (D:2)
  5 yaks (D:8)
  Grum (D:8)
  An unseen horror simulacrum (D:8)
  A vampire mosquito (D:7)
  6 ice beasts
  An orc warrior (D:7)
  2 sky beasts (D:7)
  3 black bears
  An ogre (D:6)
  9 wolves (D:8)
  2 centaurs
  3 lemures
  A kobold brigand (D:8)
  A phantom (D:4)
  3 scorpions
  5 bullfrogs
  A wight (D:7)
  3 killer bees (D:7)
  8 howler monkeys
  An electric eel (D:8)
  4 bombardier beetles
  3 orc priests
  A wyvern simulacrum (D:8)
  A gnoll bouda (D:7)
  3 hounds
  Crazy Yiuf (D:2)
  3 jellies
  Terence (D:2)
  2 sleepcaps (D:6)
  A hell rat (D:8)
  2 centaur simulacra (D:8)
  4 gnolls (D:7)
  10 adders
  2 shadow imps (D:7)
  8 white imps
  A howler monkey simulacrum (D:8)
  4 ufetubi
  A dart slug (D:1)
  13 orcs
  6 endoplasms
  5 giant cockroaches
  8 goblins
  3 hobgoblins
  4 jackals (D:2)
  3 quokkas
  4 ball pythons
  3 bats (D:1)
  6 frilled lizards
  14 kobolds
  5 rats
  A spectral goblin (D:1)
196 creatures vanquished.

Table legend:
 A = Non-vault XP
 B = Vault XP
 C = Vault XP percentage of total XP
 D = Non-vault monster count
 E = Vault monster count
 F = Vault count percentage of total count
                 A         B        C        D         E       F
            +---------+---------+-------+---------+---------+-------
      Total |    3430 |    8539 |  71.3 |     125 |      68 |  35.2
            +---------+---------+-------+---------+---------+-------
        D:1 |      30 |       1 |   3.2 |      19 |       1 |   5.0
        D:2 |      78 |     296 |  79.1 |      19 |       6 |  24.0
        D:3 |      32 |       0 |   0.0 |      13 |       0 |   0.0
        D:4 |     288 |     250 |  46.5 |      17 |       2 |  10.5
        D:5 |     312 |     641 |  67.3 |      10 |       1 |   9.1
        D:6 |     424 |       0 |   0.0 |       7 |       0 |   0.0
        D:7 |    1357 |    1421 |  51.2 |      20 |      20 |  50.0
        D:8 |     909 |    5930 |  86.7 |      20 |      38 |  65.5
            +---------+---------+-------+---------+---------+-------

Skill      XL: |  1  2  3  4  5  6  7  8  9 10 11 |
---------------+----------------------------------+-----
Long Blades    | 4 6 7 9 11 14 | 14.0
Fighting       | 9 10 | 10.0
Armour         | 3 |  3.0
Throwing       | |  1.7
Dodging        | |  2.6

Action                     |  1- 3 |  4- 6 |  7- 9 | 10-12 || total
---------------------------+-------+-------+-------+-------++-------
  Melee: Long sword        |    81 |    83 |   342 |   131 ||   637
         Dagger            |    74 |     9 |       |       ||    83
         Scimitar          |       |       |    64 |   127 ||   191
    Use: Potion            |       |     2 |     4 |     3 ||     9
         Scroll            |       |       |     9 |     3 ||    12
   Stab: Sleeping          |     2 |     2 |       |       ||     4
 Armour: Leather armour    |    39 |    44 |   125 |   111 ||   319
  Dodge: Dodged            |    55 |    27 |   105 |    88 ||   275

Illustrated notes

Table legend:
 A = Kills in this place as a percentage of kills in the entire game.
 B = Kills by you in this place as a percentage of kills by you in the entire game.
 C = Kills by friends in this place as a percentage of kills by friends in the entire game.
 D = Other kills in this place as a percentage of other kills in the entire game.
 E = Experience gained in this place as a percentage of experience gained in the entire game.
 F = Experience gained in this place divided by the number of levels of this place that you have seen.
                   A       B       C       D       E      F
               +-------+-------+-------+-------+-------+----------------------
         Total | 100.0 | 100.0 |   N/A |   N/A | 100.0 | 1329.9
       Dungeon | 100.0 | 100.0 |   N/A |   N/A | 100.0 | 1496.1
               +-------+-------+-------+-------+-------+----------------------

Table legend: (Time is in decaauts)
 A = Elapsed time spent in this place.
 B = Non-inter-level travel time spent in this place.
 C = Inter-level travel time spent in this place.
 D = Time resting spent in this place.
 E = Time spent auto-exploring this place.
 F = Levels seen in this place.
 G = Mean time per level.
                   A        B        C        D        E       F      G
               +--------+--------+--------+--------+--------+-----+--------+
         Total |   9219 |   9005 |    214 |   1431 |   6356 |   9 | 1024.3 |
       Dungeon |   9212 |   8999 |    213 |   1431 |   6351 |   8 | 1151.5 |
        Temple |      6 |      5 |      1 |      0 |      5 |   1 |    6.0 |
               +--------+--------+--------+--------+--------+-----+--------+

Top non-repeatable levels by time:
     D:8: 2093 daAuts
     D:7: 1528 daAuts
     D:5: 1428 daAuts
     D:4: 1211 daAuts
     D:1: 839 daAuts
     D:2: 803 daAuts
     D:3: 759 daAuts
     D:6: 548 daAuts
  Temple: 6 daAuts
